 Dungeon Crawl Stone Soup version 0.30-b1-2-g02819fbbbe (webtiles) character file.

Game seed: 17684451427871316824

17878 falawelle the Severer (level 12, -6/169 HPs)
             Began as a Minotaur Berserker on May 11, 2023.
             Was a Priest of Trog.
             Mangled by Rupert
             ... wielding a +4 great sword of holy wrath
              (50 damage)
             ... on level 12 of the Dungeon.
             The game lasted 00:46:01 (17580 turns).

falawelle the Severer (Minotaur Berserker)         Turns: 17580, Time: 00:46:02

Health: -6/169     AC: 15    Str: 30    XL:     12   Next: 22%
Magic:  11/11      EV: 10    Int:  6    God:    Trog [***...]
Gold:   1062       SH:  6    Dex: 11    Spells: 11/11 levels left

rFire   + . .        D - +0 war axe
rCold   x . .        I - +0 kite shield
rNeg    . . .        u - +3 ring mail {rPois}
rPois   +            (helmet restricted)
rElec   .            k - +0 cloak
rCorr   .            o - +0 pair of gloves
SInv    .            f - +0 pair of boots
Will    ++...        q - amulet of regeneration Stlth
                     c - +6 ring of strength
HPRegen 2.28/turn    H - ring of fire
MPRegen 0.12/turn

%: no passive effects
@: berserking, strong-willed, regenerating, very quick
A: horns 2, retaliatory headbutt
a: Renounce Religion, Berserk, Trog's Hand


You were on level 12 of the Dungeon.
You worshipped Trog.
Trog was most pleased with you.
You visited 1 branch of the dungeon, and saw 12 of its levels.

You collected 1062 gold pieces.

Inventory:

Hand Weapons
 e - a +0 morningstar
 v - a +0 mace of electrocution
 w - a +1 battleaxe
 D - a +0 war axe (weapon)
 G - a +1 hand axe of venom
Missiles
 K - 3 throwing nets (quivered)
Armour
 f - a +0 pair of boots (worn)
 k - a +0 cloak (worn)
 m - a +0 buckler
 o - a +0 pair of gloves (worn)
 u - a +3 ring mail of poison resistance (worn)
 z - a +0 ring mail of willpower
 I - a +0 kite shield (worn)
Jewellery
 c - a +6 ring of strength (left hand)
 q - an amulet of regeneration (around neck)
 H - a ring of fire (right hand)
 J - a ring of see invisible
 M - an amulet of guardian spirit
Wands
 b - a wand of iceblast (36)
 g - a wand of flame (26)
 C - a wand of mindburst (11)
 E - a wand of acid (5)
Scrolls
 a - 2 scrolls of teleportation
 s - 5 scrolls of identify
 x - a scroll of poison
 y - a scroll of enchant armour
 A - 2 scrolls of butterflies
Potions
 d - 3 potions of lignification
 h - 2 potions of magic
 i - a potion of degeneration
 j - 2 potions of mutation
 l - a potion of ambrosia
 n - 2 potions of brilliance
 p - 3 potions of might
 r - a potion of attraction
 t - 2 potions of berserk rage
 B - 2 potions of haste
 L - a potion of curing


   Skills:
 + Level 12.6 Fighting
 * Level 17.1 Axes
 + Level 12.3 Armour
 - Level 2.1 Dodging


You had 11 spell levels left.
You didn't know any spells.
Your spell library was empty.

Dungeon Overview and Level Annotations

Branches:
Dungeon (12/15)            Temple (0/1) D:6            Lair (0/5) D:11
    Orc (0/2) D:10

Altars:
Fedhas
Sif Muna
Trog
Vehumet
The Shining One

Shops:
D:4 *   D:10 (

Annotations:
D:11 1 runed translucent door, Zouniz Rihu's ghost, novice DDFi
D:12 Azrael; Rupert


Innate Abilities, Weirdness & Mutations

You have a pair of horns on your head.
You reflexively headbutt those who attack you in melee.


Message History

You open the door.
Found a stone staircase leading down.
There is an open door here.
You open the door.
There is an open door here.
You open the door.
Rupert the Wild comes into view.
He is wielding a +4 great sword of holy wrath.
Rupert shouts!
You hear an angry squeal. x3
Your skin crawls.
You feel strong-willed.
You hear an angry squeal. x2
Rupert hits you with a +4 great sword of holy wrath!
You closely miss Rupert.
Rupert hits you with a +4 great sword of holy wrath!
A red film seems to cover your vision as you go berserk!
You feel yourself moving faster!
You feel mighty!
Rupert roars madly and goes into a rage!
Rupert goes berserk!
You barely miss Rupert.
Rupert hits you with a +4 great sword of holy wrath!!
You slice Rupert!!
Rupert is lightly wounded.
Rupert hits you with a +4 great sword of holy wrath.
You completely miss Rupert. Your headbutt misses Rupert.
Rupert is lightly wounded.
Rupert hits you with a +4 great sword of holy wrath!!
You slice Rupert!! Your headbutt misses Rupert.
Rupert is moderately wounded.
Rupert hits you with a +4 great sword of holy wrath.
You slice Rupert!! Your headbutt misses Rupert.
Rupert is heavily wounded.
A hog comes into view.
You slice Rupert!! You headbutt Rupert!
Rupert is severely wounded.
Rupert hits you with a +4 great sword of holy wrath!!
* * * LOW HITPOINT WARNING * * *
You slash Rupert! You headbutt Rupert, but do no damage.
Rupert is severely wounded.
Rupert hits you with a +4 great sword of holy wrath!!!
You die...

#......+
#......#
#......#
#..>...#
#......#
#......#
####'###
##..#
#.@##
#@## #..
#.. #..
#.. #..
#..


You could see Rupert (berserk).

Vanquished Creatures
  A centaur warrior (D:11)
  A boulder beetle (D:12)
  3 two-headed ogres
  Pikel (D:3)
  A cyclops (D:12)
  3 gargoyles
  A kobold demonologist (D:11)
  A troll (D:12)
  Grinder (D:4)
  A shadow (D:9)
  35 yaks
  A vampire (D:11)
  3 wyverns (D:9)
  A wraith (D:10)
  2 steam dragons
  A vampire mosquito (D:10)
  Menkaure (D:4)
  Edmund (D:5)
  An acid dragon (D:10)
  A water moccasin (D:6)
  A hell hound (D:12)
  16 orc warriors
  3 black bears
  2 sky beasts
  An ice beast (D:6)
  3 ogres
  13 centaurs
  2 lemures (D:3)
  3 bullfrogs
  4 kobold brigands
  2 gnoll sergeants
  2 scorpions
  4 wights
  3 jellies
  9 howler monkeys
  3 hounds
  11 orc priests
  A gnoll bouda (D:4)
  3 iguanas
  A sleepcap (D:6)
  7 orc wizards
  Robin (D:4)
  13 gnolls
  11 adders
  A dart slug (D:4)
  58 orcs
  8 endoplasms
  2 giant cockroaches
  14 goblins
  11 hobgoblins
  4 quokkas
  4 ball pythons
  5 bats
  A frilled lizard (D:2)
  19 kobolds
  6 rats (D:3)
313 creatures vanquished.

Vanquished Creatures (others)
  14 fungi (D:11)
  8 plants (D:11)
22 creatures vanquished.

Grand Total: 335 creatures vanquished

Notes
Turn   | Place    | Note
-------+----------+-------------------------------------------
     0 | D:1      | falawelle the Minotaur Berserker began the quest for the
                  | Orb.
     0 | D:1      | Reached XP level 1. HP: 19/19 MP: 0/0
   299 | D:1      | Reached skill level 4 in Axes
   407 | D:1      | Found a faded altar of an unknown god.
   535 | D:1      | Reached XP level 2. HP: 21/27 MP: 1/1
  1466 | D:2      | Reached XP level 3. HP: 25/33 MP: 2/2
  2579 | D:2      | Reached skill level 5 in Axes
  2579 | D:2      | Reached XP level 4. HP: 34/40 MP: 3/3
  3897 | D:3      | Reached ** piety under Trog
  3936 | D:3      | Found a bloodstained altar of Trog.
  4642 | D:4      | Noticed Pikel
  4642 | D:4      | Noticed a lemure
  4642 | D:4      | Noticed a lemure
  4643 | D:4      | Found a radiant altar of Vehumet.
  4656 | D:4      | Noticed a lemure
  4657 | D:4      | Noticed a lemure
  4669 | D:3      | Killed a lemure
  4669 | D:3      | Killed a lemure
  4670 | D:3      | Killed Pikel
  4671 | D:3      | Reached skill level 5 in Fighting
  4671 | D:3      | Reached skill level 7 in Axes
  4671 | D:3      | Reached skill level 5 in Armour
  4671 | D:3      | Reached XP level 5. HP: 12/50 MP: 4/4
  4671 | D:3      | Reached XP level 6. HP: 13/57 MP: 5/5
  4671 | D:3      | Reached XP level 7. HP: 15/62 MP: 6/6
  4829 | D:4      | Noticed Grinder
  4831 | D:4      | Identified the +1 helmet of Jeusuiri {-Tele Rampage MP+9
                  | SInv}
  4831 | D:4      | Noticed Robin
  4847 | D:4      | Killed Robin
  4848 | D:4      | Killed Grinder
  4849 | D:4      | Reached skill level 8 in Axes
  5150 | D:4      | Noticed Menkaure
  5160 | D:4      | Killed Menkaure
  5443 | D:4      | Found Tanajo's Overcharged Wands.
  5613 | D:4      | Reached XP level 8. HP: 70/71 MP: 7/7
  6133 | D:5      | Entered Level 5 of the Dungeon
  6171 | D:5      | Reached skill level 9 in Axes
  6371 | D:5      | Noticed Edmund
  6385 | D:5      | Killed Edmund
  6819 | D:5      | You fall into a shaft and drop 2 floors!
  7232 | D:7      | Reached skill level 10 in Axes
  7710 | D:6      | Found a staircase to the Ecumenical Temple.
  7951 | D:6      | Reached XP level 9. HP: 81/81 MP: 8/8
  8112 | D:6      | Found a glowing golden altar of the Shining One.
  8372 | D:6      | Reached skill level 11 in Axes
 10926 | D:8      | Reached skill level 12 in Axes
 11031 | D:8      | Reached XP level 10. HP: 80/91 MP: 9/9
 12012 | D:9      | Reached skill level 13 in Axes
 12074 | D:9      | Found a blossoming altar of Fedhas.
 12441 | D:9      | Reached skill level 10 in Fighting
 12441 | D:9      | Noticed a two-headed ogre
 12453 | D:9      | Killed a two-headed ogre
 12534 | D:9      | Reached skill level 14 in Axes
 12534 | D:9      | Reached skill level 10 in Armour
 12819 | D:9      | Found a shimmering blue altar of Sif Muna.
 12961 | D:10     | Entered Level 10 of the Dungeon
 12961 | D:10     | Found a staircase to the Orcish Mines.
 12980 | D:10     | Reached *** piety under Trog
 13527 | D:10     | Reached XP level 11. HP: 93/101 MP: 10/10
 13536 | D:10     | Found Cody's Weapon Emporium.
 13772 | D:10     | Reached skill level 15 in Axes
 14082 | D:10     | Reached **** piety under Trog
 14720 | D:11     | Noticed a two-headed ogre
 14730 | D:11     | Killed a two-headed ogre
 14790 | D:11     | Noticed a centaur warrior
 15297 | D:11     | Reached skill level 16 in Axes
 15311 | D:11     | Noticed Zouniz Rihu's ghost (novice DDFi)
 15563 | D:11     | Found a runed translucent door.
 15656 | D:11     | Killed a centaur warrior
 15765 | D:11     | Found a staircase to the Lair.
 16763 | D:12     | Found a bloodstained altar of Trog.
 16950 | D:12     | Noticed a two-headed ogre
 16952 | D:12     | Noticed a boulder beetle
 16959 | D:12     | Reached XP level 12. HP: 69/112 MP: 11/11
 16961 | D:12     | Killed a two-headed ogre
 16986 | D:12     | Killed a boulder beetle
 16987 | D:12     | Reached skill level 17 in Axes
 17234 | D:12     | Noticed Azrael
 17570 | D:12     | Noticed Rupert
 17580 | D:12     | Mangled by Rupert

Illustrated notes

Levels and vault maps discovered:
D:1:      evilmike_arrival_crescent, layout_loops_ring,
          hellmonk_ecumenical_altar_pennies_from_heaven
D:2:      layout_basic
D:3:      layout_basic, mainiacjoe_overflow_chevrons
D:4:      layout_rooms, nicolae_vehumet_radiance,
          nicolae_shop_overcharged_wands, uniq_robin, uniq_grinder, uniq_pikel,
          uniq_menkaure
D:5:      wander_river, layout_basic, uniq_edmund
D:6:      minmay_skewed_foursquare, layout_cave_pools,
          mainiacjoe_overflow_boulevard, temple_pool_b
D:7:      layout_loops_corners
D:8:      layout_loops_cross
D:9:      layout_roguey, fedhas_altar_1, marbit_many_paths
D:10:     layout_rooms, orc_0_dummy, special_room [special_room_orc],
          serial_shops, nicolae_shop_bloodbath_and_beyond, grunt_ministairs_8,
          chequers_jeans, kennysheep_generic_room_9
D:11:     layout_irregular_city, grunt_lair_entry_orc_guard_hut,
          hellmonk_ghost_happy_afterlife
D:12:     layout_roguey [special_room_orc], trog_hazing_becter, uniq_azrael,
          uniq_rupert, uniq_kirke

Skill      XL: |  1  2  3  4  5  6  7  8  9 10 11 12 |
---------------+-------------------------------------+-----
Axes           | 4 5 7 8 10 12 14 16 17 | 17.1
Fighting       | 4 5 6 8 9 10 12 | 12.6
Armour         | 3 5 7 8 10 12 | 12.3
Dodging        | |  2.1

Action                     |  1- 3 |  4- 6 |  7- 9 | 10-12 || total
---------------------------+-------+-------+-------+-------++-------
  Melee: Hand axe          |    55 |    50 |   323 |    50 ||   478
         Headbutt          |     7 |     7 |    65 |    91 ||   170
         War axe           |       |       |       |   358 ||   358
 Invoke: Trog's Hand       |       |     1 |    10 |    12 ||    23
         Berserk           |       |     1 |     3 |     7 ||    11
         Brothers in Arms  |       |       |       |     1 ||     1
    Use: Scroll            |       |    13 |     8 |     6 ||    27
         Potion            |       |     1 |       |     5 ||     6
 Armour: Animal skin       |     4 |       |       |       ||     4
         Ring mail         |    17 |    24 |   147 |   200 ||   388
  Dodge: Dodged            |    34 |    34 |   162 |   191 ||   421
  Block: Buckler           |       |     1 |    33 |    39 ||    73
         Kite shield       |       |       |       |    27 ||    27
